 Dungeon Crawl Stone Soup version 0.30.0-15-g856e2d3f33 (webtiles) character file.

Game seed: 2468432858586313825

2562 snetch the Cruncher (level 9, -3/72 (78) HPs)
             Began as a Minotaur Berserker on May 16, 2023.
             Was an Elder of Trog.
             Slain by an orc warrior
             ... wielding a +0 flail
              (6 damage)
             ... on level 7 of the Dungeon on May 18, 2023.
             The game lasted 00:19:00 (5550 turns).

snetch the Cruncher (Minotaur Berserker)            Turns: 5550, Time: 00:19:00

HP:   -3/72 (78)    AC: 13    Str: 26    XL:     9   Next: 31%
MP:   8/8           EV:  9    Int:  4    God:    Trog [****..]
Gold: 405           SH:  0    Dex: 16    Spells: 8/8 levels left

rFire   . . .        M - +0 battleaxe
rCold   . . .        (shield currently unavailable)
rNeg    . . .        N - +0 plate armour
rPois   .            (helmet restricted)
rElec   .            (no cloak)
rCorr   .            (no gloves)
SInv    +            (no boots)
Will    ++...        (no amulet) Stlth
                     d - ring of see invisible
HPRegen 1.32/turn    p - +6 ring of dexterity
MPRegen 0.11/turn

%: no passive effects
@: brilliant, strong-willed, regenerating, drained
A: horns 2, retaliatory headbutt
a: Renounce Religion, Berserk, Trog's Hand, Brothers in Arms


You were on level 7 of the Dungeon.
You worshipped Trog.
Trog was greatly pleased with you.
You visited 2 branches of the dungeon, and saw 9 of its levels.
You also visited: Sewer.

You collected 405 gold pieces.

Inventory:

Hand Weapons
 a - a +0 war axe
 c - a +0 quarterstaff
 q - a +0 flail
 u - a +0 trident
 z - a +1 long sword of flaming
 M - a +0 battleaxe (weapon)
Missiles
 i - 43 stones (quivered)
 v - 6 boomerangs
 A - 10 poisoned darts
 C - a curare-tipped dart
Armour
 k - a +0 buckler
 N - a +0 plate armour (worn)
Jewellery
 d - a ring of see invisible (left hand)
 j - a ring of flight
 p - a +6 ring of dexterity (right hand)
 y - a ring of magical power
 I - a ring of fire
Wands
 H - a wand of roots (6)
Scrolls
 b - 2 scrolls of vulnerability {unknown}
 e - 6 scrolls of identify {unknown}
 f - 5 scrolls of teleportation {unknown}
 l - a scroll of amnesia {unknown}
 m - 3 scrolls of noise {unknown}
 n - 2 scrolls of enchant armour {unknown}
 r - a scroll of torment {unknown}
 D - 3 scrolls of immolation {unknown}
 F - 2 scrolls of magic mapping {unknown}
 G - a scroll of fear {unknown}
 J - a scroll of fog {unknown}
 L - a scroll of silence {unknown}
Potions
 g - 2 potions of might {unknown}
 h - a potion of degeneration {unknown}
 o - 2 potions of heal wounds {unknown}
 s - a potion of attraction {unknown}
 t - 2 potions of cancellation {unknown}
 w - 4 potions of brilliance
 x - 4 potions of curing {unknown}
 B - 2 potions of flight {unknown}
 E - 3 potions of magic {unknown}
 K - 2 potions of ambrosia {unknown}


   Skills:
 + Level 6.9 Fighting
 + Level 5.1(5.2) Axes
 + Level 1.3(6.9) Maces & Flails
 + Level 9.3(9.4) Staves
 + Level 0.3 Throwing
 + Level 8.1 Armour
 + Level 4.8 Dodging
 + Level 1.5 Stealth


You had 8 spell levels left.
You didn't know any spells.
Your spell library contained the following spells:

 Spells                   Type           Power      Damage    Failure   Level
 Apportation              Tloc           0%         N/A       99%         1
 Kiss of Death            Conj/Necr      0%         2d5       99%         1
 Ensorcelled Hibernation  Hex/Ice        0%         N/A       100%        2
 Passwall                 Tmut/Erth      0%         N/A       100%        2
 Confusing Touch          Hex            0%         N/A       100%        3
 Swiftness                Air            0%         N/A       100%        3
 Dispel Undead            Necr           0%         3d6       100%        4
 Leda's Liquefaction      Hex/Erth       0%         N/A       100%        4
 Alistair's Intoxication  Tmut/Pois      0%         N/A       100%        5
 Lee's Rapid Deconstruct  Erth           0%         3d4*      100%        5
 Statue Form              Tmut/Erth      0%         N/A       100%        6


Dungeon Overview and Level Annotations

Branches:
Dungeon (8/15)             Temple (1/1) D:4           Sewer (visited)
   Lair: D:8-11

Altars:
Ashenzari
Cheibriados
Dithmenos
Elyvilon
Fedhas
Gozag
Hepliaklqana
Kikubaaqudgha
Makhleb
Nemelex Xobeh
Okawaru
Qazlal
Ru
Sif Muna
Trog
Uskayaw
Vehumet
Wu Jian
Xom
Yredelemnul
Zin
The Shining One

Annotations:
D:5 loot behind glass


Innate Abilities, Weirdness & Mutations

You have a pair of horns on your head.
You reflexively headbutt those who attack you in melee.


Message History

x - 4 grey potions (gained 1)
A centaur comes into view.
The centaur shouts!
The centaur wields a +0 shortbow.
The centaur shoots an arrow.
The arrow hits you.
An orc comes into view. It is wielding a +0 dagger.
The orc shouts!
The centaur shoots an arrow.
The arrow hits you!
* * * LOW HITPOINT WARNING * * *
The centaur shoots an arrow.
The arrow hits you.
* * * LOW HITPOINT WARNING * * *
An orc warrior comes into view. It is wielding a +0 flail.
The orc warrior shouts!
You hear a shout! x2
The centaur shoots an arrow.
The arrow closely misses you.
An orc comes into view. It is wielding a +0 falchion.
You see here 13 gold pieces.
You now have 405 gold pieces (gained 13).
The centaur shoots an arrow.
The arrow hits you.
* * * LOW HITPOINT WARNING * * *
An orc comes into view.
It is wielding a +2 falchion of freezing.
The centaur shoots an arrow.
The arrow closely misses you.
Your skin crawls.
You feel strong-willed.
The centaur shoots an arrow.
The arrow hits you.
* * * LOW HITPOINT WARNING * * *
An orc priest comes into view. It is wielding a +0 club.
A scorpion comes into view.
The orc priest mumbles some strange prayers to Beogh against you.
Beogh smites you!
* * * LOW HITPOINT WARNING * * *
It was a potion of brilliance.
You feel clever all of a sudden. The orc barely misses you.
You furiously retaliate!
You headbutt the orc!
You kill the orc!
Trog accepts your kill. The orc barely misses you. You furiously retaliate!
You headbutt the orc!
You kill the orc!
Trog accepts your kill.
The orc warrior hits you with a +0 flail.
You die...

....... #######....s#
............##### #
#................. #.
#..........o......
###.##........?........
.............)o........
≈≈...........@o...c....
≈≈≈≈≈.........)........
≈≈≈≈≈≈.................
≈≈≈≈≈≈.............###.
..≈≈≈≈≈.#.####......#
..≈≈≈≈≈##.# #......#
ccc≈≈≈≈ #.####......#
..c≈≈≈.##.............#
#cc≈≈≈....####......###


You could see an orc warrior, a centaur, a scorpion, an orc priest and an orc.

Vanquished Creatures
  The ghost of monsoonserge the Shooter, a novice MeHs (D:4)
  Grinder (Sewer)
  Menkaure (D:4)
  2 water moccasins
  An orc warrior (D:6)
  2 sky beasts (D:7)
  An ogre (D:5)
  2 black bears
  A kobold brigand (Sewer)
  A phantom (D:3)
  A bullfrog (D:7)
  A scorpion (D:5)
  2 howler monkeys (D:6)
  2 quasits (Sewer)
  A hound (D:5)
  2 orc priests
  A water moccasin simulacrum (D:4)
  A jelly (D:3)
  A sleepcap (D:7)
  3 iguanas
  5 orc wizards
  3 gnolls (D:3)
  6 adders
  A hound simulacrum (D:4)
  A white imp (D:4)
  5 ufetubi
  An adder zombie (Sewer)
  2 adder simulacra (D:4)
  20 orcs
  6 ball pythons
  9 bats
  A bat zombie (Sewer)
  8 endoplasms
  8 giant cockroaches
  7 goblins
  13 hobgoblins
  8 jackals
  21 kobolds
  13 quokkas
  2 kobold zombies (Sewer)
  11 rats
179 creatures vanquished.

Vanquished Creatures (others)
  An adder zombie (Sewer)
1 creature vanquished.

Grand Total: 180 creatures vanquished

Notes
Turn   | Place    | Note
-------+----------+-------------------------------------------
     0 | D:1      | snetch the Minotaur Berserker began the quest for the Orb.
     0 | D:1      | Reached XP level 1. HP: 19/19 MP: 0/0
   123 | D:1      | Reached XP level 2. HP: 26/27 MP: 1/1
   251 | D:2      | Reached skill level 1 in Staves
   285 | D:2      | Reached ** piety under Trog
   299 | D:2      | Reached XP level 3. HP: 34/34 MP: 2/2
   308 | D:1      | You fall into a shaft and drop 1 floor!
   433 | D:1      | Found a faded altar of an unknown god.
   872 | D:3      | Reached skill level 2 in Staves
   872 | D:3      | Reached XP level 4. HP: 20/41 MP: 3/3
  1372 | D:2      | Reached *** piety under Trog
  1499 | D:1      | Upgraded the game from 0.30.0-11-gf55b779eaf to
                  | 0.30.0-15-g856e2d3f33
  1653 | D:3      | Reached skill level 3 in Staves
  1748 | D:3      | Noticed a phantom
  1755 | D:3      | Killed a phantom
  1756 | D:3      | Reached skill level 4 in Staves
  1756 | D:3      | Reached XP level 5. HP: 39/47 MP: 4/4
  2261 | D:5      | Entered Level 5 of the Dungeon
  2261 | D:5      | Noticed a water moccasin
  2273 | D:5      | Killed a water moccasin
  2274 | D:5      | Reached skill level 5 in Fighting
  2274 | D:5      | Reached XP level 6. HP: 23/56 MP: 5/5
  2304 | D:5      | Reached skill level 5 in Staves
  2415 | D:5      | Found a glowing drain.
  2444 | D:5      | Reached skill level 1 in Maces & Flails
  2469 | Sewer    | Entered a sewer
  2715 | Sewer    | Found a burning altar of Makhleb.
  2728 | Sewer    | Reached XP level 7. HP: 58/61 MP: 6/6
  2767 | Sewer    | Reached skill level 5 in Armour
  2813 | Sewer    | Noticed Grinder
  2829 | Sewer    | Killed Grinder
  2830 | Sewer    | Reached skill level 6 in Staves
  3072 | D:4      | Noticed monsoonserge's ghost (novice MeHs)
  3186 | D:4      | Found a runed translucent gate.
  3186 | D:4      | Found a runed translucent gate.
  3186 | D:4      | Found a runed translucent gate.
  3196 | D:4      | Found a staircase to the Ecumenical Temple.
  3230 | Temple   | Entered the Ecumenical Temple
  3230 | Temple   | Found a transporter.
  3230 | Temple   | Found a transporter.
  3240 | Temple   | Found a transporter.
  3240 | Temple   | Found a transporter.
  3348 | D:4      | Noticed Menkaure
  3354 | D:4      | Killed Menkaure
  3355 | D:4      | Reached skill level 7 in Staves
  3355 | D:4      | Reached XP level 8. HP: 70/70 MP: 7/7
  3407 | D:4      | Reached **** piety under Trog
  3666 | D:4      | Reached skill level 1 in Stealth
  3718 | D:4      | Killed monsoonserge's ghost
  3719 | D:4      | Reached skill level 8 in Staves
  4588 | D:6      | Reached XP level 9. HP: 71/78 MP: 8/8
  4960 | D:6      | Reached skill level 9 in Staves
  5160 | D:6      | Found a glowing golden altar of the Shining One.
  5163 | D:6      | Found a broken altar of Ashenzari.
  5166 | D:6      | Found an iron altar of Okawaru.
  5517 | D:7      | Reached skill level 5 in Axes
  5549 | D:7      | HP: 2/72 [orc priest/divine providence (13)]
  5550 | D:7      | Slain by an orc warrior

Illustrated notes

Levels and vault maps discovered:
D:1:      tarquinn_simple_flora_water_d, layout_basic,
          shapermc_ecumenical_altar_acropolis
D:2:      layout_basic, serial_bayou_lagoon_a, minivault_11
D:3:      layout_loops_ring
D:4:      layout_basic, minmay_temple_entry_offerings, gammafunk_ghost_icy,
          uniq_menkaure
D:5:      layout_basic, serial_glass, glass_columns_b, glass_columns_c,
          glass_columns_b, glass_columns_a, glass_columns_a, glass_columns_a,
          glass_columns_a, glass_columns_a, due_unseen_surprise,
          cheibrodos_sewer_entry_drain, interstate_on_off, corner_web_ring
D:6:      layout_basic, grunt_temple_overflow_diamond, uniq_grinder
D:7:      minmay_chambers_of_sixes, layout_basic, centaur_isle
D:8:      layout_cave_pools
Temple:   hellmonk_temple_divided_pantheon

Skill      XL: |  1  2  3  4  5  6  7  8  9 |
---------------+----------------------------+-----
Fighting       | 4 5 6 |  6.9
Staves         | 1 2 4 5 7 8 9 |  9.3
Armour         | 3 4 5 8 |  8.1
Dodging        | 3 4 |  4.8
Maces & Flails | 1 |  1.3
Stealth        | 1 |  1.5
Axes           | 5 |  5.1
Throwing       | |  0.3

Action                     |  1- 3 |  4- 6 |  7- 9 || total
---------------------------+-------+-------+-------++-------
  Melee: Quarterstaff      |    86 |   131 |   176 ||   393
         Headbutt          |     8 |    23 |    39 ||    70
         Flail             |       |     3 |       ||     3
         Battleaxe         |       |       |    17 ||    17
  Throw: Stone             |       |       |     7 ||     7
 Invoke: Trog's Hand       |       |     2 |     3 ||     5
         Berserk           |       |     1 |     2 ||     3
    Use: Potion            |       |       |     1 ||     1
 Armour: Animal skin       |     1 |       |       ||     1
         Ring mail         |    21 |       |       ||    21
         Scale mail        |     6 |    69 |    57 ||   132
         Plate armour      |       |       |    26 ||    26
  Dodge: Dodged            |    58 |    89 |   116 ||   263
